[Event "*** Titled Tuesday 3|2 Blitz"]
[Site "Chess.com"]
[Date "2016.06.07"]
[Round "1"]
[White "Rating-Schmating"]
[Black "E-Shaposhnikov"]
[Result "0-1"]
[WhiteElo "2198"]
[BlackElo "2523"]
[TimeControl "180+2"]
[EndTime "11:02:31 PDT"]
[Termination "E-Shaposhnikov won by resignation"]

1. e4 c5 2. Nf3 e6 3. d4 cxd4 4. Nxd4 a6 5. c4 Nf6 6. Nc3 Bb4 7. Bd3 Nc6 8. Nc2 Bc5 9. Be3 d6 10. O-O O-O 11. Qe2 e5 12. Rad1 Bg4 13. f3 Be6 14. a3 Nd4 15. b4 Nxe2+ 16. Nxe2 Bxe3+ 17. Nxe3 Qb6 18. Kf2 Rac8 19. Rc1 Nh5 20. g3 f5 21. f4 exf4 22. gxf4 fxe4 23. Bxe4 Nxf4 24. Nxf4 Rxf4+ 25. Bf3 Rcf8 0-1

[Event "*** Titled Tuesday 3|2 Blitz"]
[Site "Chess.com"]
[Date "2016.06.07"]
[Round "1"]
[White "jeaston1"]
[Black "Rikikits"]
[Result "0-1"]
[WhiteElo "2009"]
[BlackElo "2422"]
[TimeControl "180+2"]
[EndTime "11:02:40 PDT"]
[Termination "Rikikits won by resignation"]

1. d4 Nf6 2. c4 g6 3. Nc3 Bg7 4. e4 O-O 5. f3 d6 6. Be3 c5 7.
d5 e6 8. Qd2 a6 9. Nge2 exd5 10.
cxd5 b5 11. Nc1 Re8 12. Be2 Nbd7 13. O-O Ne5 14. h3 Rb8 15. Nd3 Nc4 16. Qc1 Nxe3 17. Qxe3 Nxd5 18. Nxd5 Bd4 19. Qxd4 cxd4 20. Rac1 Bb7 21. N3f4 g5 22. Nc7 gxf4 23. Nxe8 Qxe8 24. Bd3 Rc8 25. b3 Rc3 26. Rxc3 dxc3 27. Rc1 Qe5 28. Rc2 Qd4+ 29. Kf1 Qxd3+ 0-1

[Event "*** Titled Tuesday 3|2 Blitz"]
[Site "Chess.com"]
[Date "2016.06.07"]
[Round "1"]
[White "MinhGTrAn"]
[Black "underdogchss"]
[Result "1-0"]
[WhiteElo "2612"]
[BlackElo "2334"]
[TimeControl "180+2"]
[EndTime "11:04:12 PDT"]
[Termination "MinhGTrAn won by resignation"]

1. d4 Nf6 2. c4 e6 3. Nc3 Bb4 4. e3 O-O 5. Ne2 d5 6. a3 Bd6 7. Ng3 c5 8. cxd5 exd5 9. dxc5 Bxc5 10. Be2 Nc6 11. O-O Be6 12. b4 Bd6 13. Nb5 Be5 14.
Nd4 Nxd4 15. exd4 Bxg3 16. hxg3 Ne4 17. Bf3 Rc8 18. Be3 Qd7 19. Qb3 Rc3 20. Qb2 Rfc8 21.
Rac1 Qc6 22. Bxe4 dxe4 23. d5 Bxd5 24. Rxc3 Qxc3 25. Rc1 Qxc1+ 26. Bxc1 b5 27. Kh2 h6 28. Qd4 Be6 29. Bb2 1-0

[Event "*** Titled Tuesday 3|2 Blitz"]
[Site "Chess.com"]
[Date "2016.06.07"]
[Round "1"]
[White "Bigfish1995"]
[Black "Journey_to_GrandMaster_YT"]
[Result "1-0"]
[WhiteElo "2613"]
[BlackElo "2344"]
[TimeControl "180+2"]
[EndTime "11:04:17 PDT"]
[Termination "Bigfish1995 won by resignation"]

1. Nf3 Nf6 2. c4 d6 3. g3 Nbd7 4. Bg2 e5 5. O-O Be7 6. b4 c6 7. Qb3 O-O 8. Bb2 Qc7 9. d3 d5 10. cxd5 cxd5 11. Rc1 Qd6 12. b5 h6 13. Ba3 Qe6 14.
Bxe7 Qxe7 15. Nc3 d4 16. Nd5 Nxd5 17. Qxd5 Re8 18. Rc7 Qe6 19. Qxe6 Rxe6 20. Bh3 Nf8 21. Rac1 Bd7 22. Bxe6 Bxe6 23. Nxe5 Bxa2 24. Rxb7 Bd5 25. Nc6 a6 26. Ne7+ 1-0

[Event "*** Titled Tuesday 3|2 Blitz"]
[Site "Chess.com"]
[Date "2016.06.07"]
[Round "1"]
[White "JSPrepz"]
[Black "northridgehawk"]
[Result "1-0"]
[WhiteElo "2389"]
[BlackElo "1901"]
[TimeControl "180+2"]
[EndTime "11:04:33 PDT"]
[Termination "JSPrepz won by resignation"]

1. Nf3 Nf6 2. c4 d5 3. g3 g6 4.
cxd5 Nxd5 5. d4 Bg7 6. Bg2 O-O 7.
O-O Nb6 8. e3 Nc6 9. Nc3 a5 10.
Nh4 Nb4 11. f4 c6 12. a3 N4d5 13. e4 Nf6 14. Nf3 Bg4 15. h3 Be6 16. Re1 Qc8 17. Ng5 Bc4 18. Kh2 Rd8 19. Be3 h6 20. Nf3 a4 21. Rc1 Bb3 22. Qe2 Nc4 23. Bf2 Qc7 24. Nd1 Qa5 25. Rxc4 Bxc4 26. Qxc4 e6 27. Nc3 Rac8 28.
Qxa4 Qc7 29. Rc1 Nd7 30. Be3 Nb6 31. Qb3 Rd7 32. d5 c5 33. Nb5 Qd8 34. Bxc5 1-0

[Event "*** Titled Tuesday 3|2 Blitz"]
[Site "Chess.com"]
[Date "2016.06.07"]
[Round "1"]
[White "mwpchess"]
[Black "Yaacovn"]
[Result "0-1"]
[WhiteElo "2347"]
[BlackElo "2642"]
[TimeControl "180+2"]
[EndTime "11:04:50 PDT"]
[Termination "Yaacovn won by checkmate"]

1. e4 c6 2. d4 d5 3. e5 Bf5 4. Nf3 e6 5. Be2 Ne7 6. O-O Bg6 7. Nbd2 Nf5 8. Nb3 Nd7 9. Bd2 Nb6 10. Rc1 Be7 11.
Ba5 O-O 12. Bd3 Bh5 13. Be2 Qc8 14. h3 Bxf3 15. Bxf3 Nc4 16. Be1 Nxb2 17. Qe2 Nc4 18. g3 f6 19. exf6 Bxf6 20. c3 e5 21.
dxe5 Nxe5 22. Bg2 Re8 23. Qc2 Nd6 24. Bd2 Qf5 25. Qd1 Rad8 26. Nd4 Qd7 27. Rb1 Nec4 28.
Bf4 Ne4 29. Qc1 h6 30. h4 Re7 31. Kh2 g5 32. Bh3 Qe8 33. hxg5 hxg5 34. Be3 Qh5 35. Nf5 Rh7 36. Nh4 gxh4 37. g4 Qe5+ 38. f4 Qxc3 39. Qxc3 Nxc3 40. Rbe1 Nxe3 41. Rxe3 Re7 42. Ref3 Re2+ 43.
Kg1 Bd4+ 44. Kh1 Ne4 45. g5 Ng3+ 46. Rxg3 hxg3 47. g6 Rh2# 0-1

[Event "*** Titled Tuesday 3|2 Blitz"]
[Site "Chess.com"]
[Date "2016.06.07"]
[Round "1"]
[White "VMikhalevski"]
[Black "josiwales"]
[Result "0-1"]
[WhiteElo "2427"]
[BlackElo "2139"]
[TimeControl "180+2"]
[EndTime "11:04:59 PDT"]
[Termination "josiwales won by checkmate"]

1. Nf3 f5 2. d3 Nf6 3. e4 d6 4. exf5 Bxf5 5. d4 Nc6 6. Bd3 Bxd3 7. Qxd3 e5 8. dxe5 dxe5 9. Qxd8+ Rxd8 10. O-O Bc5 11.
Nbd2 e4 12. Nb3 Bb6 13. Ng5 h6 14. Ne6 Rd5 15. Be3 Kf7 16. Bxb6 cxb6 17. Nf4 Rd7 18. Rad1 Rhd8 19. Rxd7+ Rxd7 20. c3 g5 21. Ne2 a5 22.
Nbd4 Nd5 23. Re1 Kf6 24. Ng3 Nxd4 25. cxd4 Nf4 26. Nxe4+ Kg6 27. Nc3 Rxd4 28. g3 Nh3+ 29. Kg2 g4 30. f4 Rd2+ 31. Re2 Rd3 32. a4 h5 33. Re6+ Kf5 34. Re5+ Kg6 35. Ne4 Rd1 36. f5+ Kf7 37. Rb5 Rg1# 0-1

[Event "*** Titled Tuesday 3|2 Blitz"]
[Site "Chess.com"]
[Date "2016.06.07"]
[Round "1"]
[White "SidArun"]
[Black "AndreyOstrovskiy"]
[Result "0-1"]
[WhiteElo "2081"]
[BlackElo "2447"]
[TimeControl "180+2"]
[EndTime "11:04:59 PDT"]
[Termination "AndreyOstrovskiy won by resignation"]

1. e4 e5 2. f4 exf4 3. Nf3 Ne7 4. d4 d5 5. e5 Ng6 6. Bd3 Be7 7. Bxg6 fxg6 8. Bxf4 O-O 9. Qd2 c5 10. c3 cxd4 11. cxd4 g5 12. Bxg5 Bxg5 13. Qxg5 Qb6 14. Qd2 Bg4 15. Nc3 Nc6 16. O-O-O Rac8 17. Rhf1 Nb4 18.
a3 Na2+ 0-1

[Event "*** Titled Tuesday 3|2 Blitz"]
[Site "Chess.com"]
[Date "2016.06.07"]
[Round "1"]
[White "jcibarra"]
[Black "Durarbayli"]
[Result "1-0"]
[WhiteElo "2660"]
[BlackElo "2324"]
[TimeControl "180+2"]
[EndTime "11:05:03 PDT"]
[Termination "jcibarra won by resignation"]

1. e4 e5 2. Nf3 Nc6 3. Bb5 a6 4. Bxc6 dxc6 5. O-O f6 6. d4 Bg4 7. c3 Qe7 8. Nbd2 O-O-O 9. h3 Bh5 10. dxe5 fxe5 11. b4 Nf6 12. Qe2 g5 13. a4 g4 14.
hxg4 Bxg4 15. b5 Nh5 16. bxc6 Nf4 17. cxb7+ Kxb7 18. Rb1+ Ka7 19. Qe3+ c5 20. Nc4 Rd3 21. Nfxe5 1-0

[Event "*** Titled Tuesday 3|2 Blitz"]
[Site "Chess.com"]
[Date "2016.06.07"]
[Round "1"]
[White "chess960now"]
[Black "Boorchess"]
[Result "1/2-1/2"]
[WhiteElo "1941"]
[BlackElo "2376"]
[TimeControl "180+2"]
[EndTime "11:05:03 PDT"]
[Termination "Game drawn by agreement"]

1. c4 Nf6 2. Nc3 e5 3. g3 Bb4 4. Bg2 Bxc3 5. dxc3 d6 6. Nf3 h6 7. O-O Be6 8. c5 Nc6 9. cxd6 cxd6 10. b3 Qc7 11. c4 O-O 12. Ba3 Rfd8 13. Qc2 Rac8 14. Rfd1 Qa5 15. Bxd6 e4 16. Ne1 Bf5 17. c5 b6 18. a3 bxc5 19. Qxc5 Qxc5 20. Bxc5 Be6 21. b4 Bc4 1/2-1/2

[Event "*** Titled Tuesday 3|2 Blitz"]
[Site "Chess.com"]
[Date "2016.06.07"]
[Round "1"]
[White "BjarkeSahl"]
[Black "Keaton87"]
[Result "1-0"]
[WhiteElo "2161"]
[BlackElo "2478"]
[TimeControl "180+2"]
[EndTime "11:05:15 PDT"]
[Termination "BjarkeSahl won by checkmate"]

1. d4 d5 2. Nf3 e6 3. Bf4 Nf6 4. e3 c5 5. c3 Nc6 6. Bd3 Bd6 7. Bg3 O-O 8. O-O Qe7 9. Nbd2 Nd7 10. e4 dxe4 11.
Nxe4 Bxg3 12. Nxg3 cxd4 13. cxd4 Nf6 14. a3 Rd8 15.
Re1 Qd6 16. Ne4 Nxe4 17. Rxe4 Ne7 18. Qc2 Bd7 19. Ne5 Rac8 20. Qe2 Nf5 21. Qh5 g6 22. Qh3 Nxd4 23. Nxf7 Kxf7 24. Qxh7+ Kf6 25. Rg4 Nf5 26. Qxg6+ Ke7 27. Bxf5 exf5 28. Re1+ Be6 29. Qh7+ Kf8 30. Qh8+ Kf7 31. Rg7+ Kf6 32. Rg8+ Kf7 33. Qg7# 1-0

[Event "*** Titled Tuesday 3|2 Blitz"]
[Site "Chess.com"]
[Date "2016.06.07"]
[Round "1"]
[White "Kacparov"]
[Black "ItalianMachine"]
[Result "0-1"]
[WhiteElo "2571"]
[BlackElo "2327"]
[TimeControl "180+2"]
[EndTime "11:05:20 PDT"]
[Termination "ItalianMachine won by checkmate"]

1. e4 e5 2. Nf3 Nc6 3. Bb5 a6 4. Ba4 Nf6 5. d3 b5 6. Bb3 Be7 7. O-O O-O 8. a4 b4 9. a5 d6 10. h3 Be6 11. Nbd2 Nb8 12. c3 bxc3 13. bxc3 Nbd7 14. Bxe6 fxe6 15. Ba3 Re8 16. Qb3 Bf8 17.
d4 Rb8 18. Qa2 exd4 19. Nxd4 d5 20. Nc6 Qc8 21. Nxb8 Qxb8 22. Rab1 Qa7 23. Bxf8 Rxf8 24.
exd5 Nxd5 25. Ne4 Ne5 26. c4 Nf4 27. c5 Qa8 28. f3 Qe8 29. Kh2 Qh5 30. Rbe1 h6 31. Ng3 Qg5 32. Re4 Neg6 33. Ne2 Qxg2# 0-1

[Event "*** Titled Tuesday 3|2 Blitz"]
[Site "Chess.com"]
[Date "2016.06.07"]
[Round "1"]
[White "Philofive"]
[Black "Alexander_Moskalenko"]
[Result "0-1"]
[WhiteElo "2355"]
[BlackElo "2663"]
[TimeControl "180+2"]
[EndTime "11:05:38 PDT"]
[Termination "Alexander_Moskalenko won on time"]

1. d4 Nf6 2. Bg5 d5 3. e3 g6 4. Bxf6 exf6 5. g3 c6 6. Bg2 Bd6 7. Ne2 h5 8. b3 h4 9. c4 Bg4 10. gxh4 Rxh4 11. h3 Bxe2 12. Qxe2 Qa5+ 13. Kf1 Nd7 14. c5 Be7 15. a3 Qc7 16. b4 a6 17.
Nc3 f5 18. Ke1 Nf6 19. Kd2 Ne4+ 20. Nxe4 fxe4 0-1

[Event "*** Titled Tuesday 3|2 Blitz"]
[Site "Chess.com"]
[Date "2016.06.07"]
[Round "1"]
[White "platy3"]
[Black "bugsbunny444"]
[Result "1-0"]
[WhiteElo "2684"]
[BlackElo "2357"]
[TimeControl "180+2"]
[EndTime "11:05:51 PDT"]
[Termination "platy3 won on time"]

1. e4 e6 2. d4 d5 3. Nd2 Nf6 4. e5 Nfd7 5. Bd3 c5 6. c3 Nc6 7. Ngf3 h6 8. O-O g5 9. h3 h5 10. dxc5 g4 11. Nd4 Ndxe5 12. N2b3 gxh3 13. g3 h4 14. Bf4 Bg7 15. Re1 hxg3 16. fxg3 h2+ 17. Kh1 a6 18. Nxc6 Nxc6 19. Qg4 Bf6 20. Bd6 Bd7 21. Re2 1-0

[Event "*** Titled Tuesday 3|2 Blitz"]
[Site "Chess.com"]
[Date "2016.06.07"]
[Round "1"]
[White "SCIM"]
[Black "hansen"]
[Result "0-1"]
[WhiteElo "2223"]
[BlackElo "2550"]
[TimeControl "180+2"]
[EndTime "11:05:52 PDT"]
[Termination "hansen won by checkmate"]

1. d4 Nf6 2. c4 g6 3. Nc3 d5 4.
Bf4 Bg7 5. e3 O-O 6. Rc1 Be6 7.
c5 c6 8. Nf3 Bg4 9. Be2 Bxf3 10.
Bxf3 Nbd7 11. O-O Re8 12. b4 e5 13. Bg3 a6 14. a4 exd4 15. exd4 Nf8 16. b5 axb5 17.
axb5 N6d7 18. bxc6 bxc6 19. Nxd5 cxd5 20. Bxd5 Ra7 21.
Bb3 Ne6 22. c6 Nxd4 23. cxd7 Rxd7 24. Kh1 Ne2 25. Qc2 Nxc1 26. Rxc1 h5 27. Qxg6 Rd1+ 28.
Rxd1 Qxd1+ 29. Bxd1 Re1# 0-1

[Event "*** Titled Tuesday 3|2 Blitz"]
[Site "Chess.com"]
[Date "2016.06.07"]
[Round "1"]
[White "ChessMavenYeti"]
[Black "GM_Levan_Pantsulaia"]
[Result "0-1"]
[WhiteElo "2142"]
[BlackElo "2492"]
[TimeControl "180+2"]
[EndTime "11:06:00 PDT"]
[Termination "GM_Levan_Pantsulaia won by resignation"]

1. c4 c5 2. Nc3 g6 3. g3 Bg7 4.
Bg2 Nc6 5. a3 b6 6. Rb1 Bb7 7.
b4 d6 8. Bb2 Qd7 9. e3 cxb4 10.
axb4 Nxb4 11. Bxb7 Qxb7 12. Qa4+ Kf8 13. Ke2 Nd3 14.
Nf3 Nxb2 15. Rxb2 Bxc3 16. dxc3 Nf6 17. Ra1 Kg7 18. Qb5 Rhc8 19. Ra6 Ne4 20. Rc2 Rc5 21. Qa4 Qc7 22. Kd3 Qb7 23. Nd4 Rh5 24. f3 Nc5+ 0-1

[Event "*** Titled Tuesday 3|2 Blitz"]
[Site "Chess.com"]
[Date "2016.06.07"]
[Round "1"]
[White "SloLev"]
[Black "amaidel"]
[Result "0-1"]
[WhiteElo "2091"]
[BlackElo "2454"]
[TimeControl "180+2"]
[EndTime "11:06:00 PDT"]
[Termination "amaidel won by resignation"]

1. e4 e5 2. Nf3 Nc6 3. d4 exd4 4.
Nxd4 Bb4+ 5. c3 Bc5 6. Be3 Bb6 7. Bc4 Nf6 8. O-O O-O 9. Qf3 Ne5 10. Qe2 Nxc4 11. Qxc4 Nxe4 12. a4 d5 13. Qe2 c5 14.
Nc2 Re8 15. Rd1 Nf6 16. Nba3 Bg4 17. f3 Bf5 18. Qb5 a6 19. Qe2 d4 20. cxd4 cxd4 21.
Qc4 Rc8 22. Qb3 Bxc2 23. Nxc2 Rxc2 24. Qxc2 Rxe3 25. a5 Ba7 26. Ra4 d3 0-1

[Event "*** Titled Tuesday 3|2 Blitz"]
[Site "Chess.com"]
[Date "2016.06.07"]
[Round "1"]
[White "StoreySniper"]
[Black "Lukianoo"]
[Result "0-1"]
[WhiteElo "2324"]
[BlackElo "2598"]
[TimeControl "180+2"]
[EndTime "11:06:10 PDT"]
[Termination "Lukianoo won by checkmate"]

1. e4 c6 2. d4 d5 3. exd5 cxd5 4.
Bd3 Nc6 5. c3 g6 6. Ne2 Bf5 7.
O-O Nf6 8. Bxf5 gxf5 9. Ng3 e6 10. Re1 Be7 11. Bg5 Ne4 12. Bxe7 Qxe7 13. Nd2 O-O-O 14.
Nf3 h5 15. Ne5 Nxe5 16. dxe5 h4 17. Nxe4 fxe4 18. Qd4 Kb8 19. Re3 Rhg8 20. Kh1 Qg5 21. Rg1 Qf5 22. Rh3 Rxg2 23. Rxg2 Qxh3 24. Qe3 Qf5 25. f4 exf3 26. Rg1 Qe4 27. Qf2 d4 28. Re1 Qf4 29. Rf1 d3 30. Rd1 d2 31. b4 h3 32. b5 Qe4 33. b6 axb6 34. Qxb6 f2# 0-1

[Event "*** Titled Tuesday 3|2 Blitz"]
[Site "Chess.com"]
[Date "2016.06.07"]
[Round "1"]
[White "lionheart95"]
[Black "howitzer14"]
[Result "0-1"]
[WhiteElo "2366"]
[BlackElo "2733"]
[TimeControl "180+2"]
[EndTime "11:06:19 PDT"]
[Termination "howitzer14 won by checkmate"]

1. e4 e5 2. Nf3 Nc6 3. Bb5 Nge7 4.
Nc3 g6 5. d4 exd4 6. Nd5 Bg7 7.
Bg5 h6 8. Bf6 Bxf6 9. Nxf6+ Kf8 10. Qd2 d5 11. exd5 Nxd5 12. Nxd5 Qxd5 13. Bxc6 Qe6+ 14.
Kf1 Qxc6 15. Qxd4 Kg8 16. c3 Kh7 17. Kg1 Re8 18. h3 Bf5 19. Kh2 Rad8 20. Qh4 Qd6+ 21. Qg3 Re2 22. b4 Rxf2 23. Nd4 Be4 24. Rhg1 Qxg3+ 25. Kxg3 Rd2 26. a4 Rd3+ 27. Kf4 Re8 28. Rge1 g5+ 29. Kg4 Kg6 30. Rf1 h5# 0-1

[Event "*** Titled Tuesday 3|2 Blitz"]
[Site "Chess.com"]
[Date "2016.06.07"]
[Round "1"]
[White "kereswasbest"]
[Black "Iball95"]
[Result "0-1"]
[WhiteElo "2121"]
[BlackElo "2467"]
[TimeControl "180+2"]
[EndTime "11:06:34 PDT"]
[Termination "Iball95 won by resignation"]

1. d4 Nf6 2. Nf3 d5 3. c4 c6 4. Nc3 a6 5. e3 b5 6. cxd5 cxd5 7. Bd3 e6 8. Ne5 Bb7 9. Qe2 Be7 10. O-O Nbd7 11.
f4 Ne4 12. Bxe4 dxe4 13. Qh5 O-O 14. f5 Nxe5 15. dxe5 exf5 16. Qxf5 Qc8 17. Qf4 Qc4 18. Bd2 b4 19. Na4 Rad8 20. Be1 Rd3 21. b3 Qe6 22. Nb2 Rd7 23. Nc4 Bc5 24. Rc1 Rd3 25. Kh1 Bd5 26.
Bf2 Be7 27. Bg1 h6 28. Rfd1 Bg5 29. Qg3 Bxc4 30. bxc4 Rxd1 31. Rxd1 Qxc4 32. h4 Be7 33. Qf4 Qxa2 34. Rd7 Qe6 35. Ra7 b3 36. Qxe4 Rb8 37.
Ra8 Rxa8 38. Qxa8+ Bf8 39. e4 Qxe5 40. Qxa6 Qxe4 41.
Bf2 b2 0-1

[Event "*** Titled Tuesday 3|2 Blitz"]
[Site "Chess.com"]
[Date "2016.06.07"]
[Round "1"]
[White "Usurpov"]
[Black "FairChess_on_YouTube"]
[Result "0-1"]
[WhiteElo "2360"]
[BlackElo "2708"]
[TimeControl "180+2"]
[EndTime "11:06:38 PDT"]
[Termination "FairChess_on_YouTube won by resignation"]

1. e4 c6 2. d4 d5 3. Nc3 dxe4 4. Nxe4 Bf5 5. Ng3 Bg6 6. Nf3 Nd7 7. h4 h6 8. h5 Bh7 9. Bd3 Bxd3 10. Qxd3 Ngf6 11. Bd2 e6 12. Ne4 Nxe4 13. Qxe4 Nf6 14. Qd3 b5 15. a4 b4 16. Ne5 Qd5 17. f3 Bd6 18. O-O O-O 19.
Qc4 Rfc8 20. c3 bxc3 21. Bxc3 c5 22. Qxd5 Nxd5 23. Nc4 Be7 24. Rac1 Bf6 25. dxc5 Nxc3 26. bxc3 Rxc5 27. Nd6 Bxc3 28. g4 Rb8 29. Kg2 Rb2+ 30. Rf2 Rxf2+ 0-1

[Event "*** Titled Tuesday 3|2 Blitz"]
[Site "Chess.com"]
[Date "2016.06.07"]
[Round "1"]
[White "SabinaFoisor"]
[Black "gmcorrales"]
[Result "1/2-1/2"]
[WhiteElo "2178"]
[BlackElo "2535"]
[TimeControl "180+2"]
[EndTime "11:06:38 PDT"]
[Termination "Game drawn by agreement"]

1. d4 d5 2. c4 e6 3. Nc3 Nf6 4. cxd5 exd5 5. Bg5 Be7 6. e3 c6 7. Bd3 O-O 8. Qc1 Nbd7 9. Nge2 Re8 10. O-O Nf8 11. Bh4 Ng6 12. Bg3 Bd6 13. f3 Be6 14. Qd2 Rc8 15. a3 c5 16. Rad1 Bxg3 17. Nxg3 cxd4 18.
exd4 a6 19. Kh1 Qb6 20. Bb1 Bd7 21. Rfe1 Qd6 22. Nf5 Bxf5 23. Bxf5 Rcd8 24. Rxe8+ Rxe8 25.
Re1 Rxe1+ 26. Qxe1 Qf4 27. Bxg6 hxg6 28. Qd1 g5 29.
Ne2 Qe3 30. Ng3 g6 31. h3 Qf2 32. Kh2 Qxb2 33. Qa4 Kg7 34. Nf1 Nh5 35. Ne3 Nf4 36. Qb4 Qf2 37. Qe7 Ne2 38. Nf5+ gxf5 39. Qxg5+ Kh7 40.
Qh5+ Kg8 41. Qg5+ Kf8 42. Qd8+ 1/2-1/2

[Event "*** Titled Tuesday 3|2 Blitz"]
[Site "Chess.com"]
[Date "2016.06.07"]
[Round "1"]
[White "playerzr"]
[Black "Masterbeaterr"]
[Result "1-0"]
[WhiteElo "1933"]
[BlackElo "2358"]
[TimeControl "180+2"]
[EndTime "11:06:40 PDT"]
[Termination "playerzr won by resignation"]

1. d4 d5 2. c4 dxc4 3. e3 Nf6 4. Bxc4 e6 5. Nf3 c5 6. O-O Nc6 7. Nc3 cxd4 8. exd4 Be7 9. Bg5 O-O 10. Re1 Na5 11.
Bd3 b6 12. Ne5 Bb7 13. Ne4 Nxe4 14. Bxe7 Qxe7 15. Bxe4 Bxe4 16. Rxe4 Rad8 17. Qe1 Qb7 18. Rh4 Rd6 19. Qb1 g6 20. Qc1 f6 21. Nf3 Rc8 22. Qh6 Qg7 23. Qf4 Rcd8 24. Qe3 b5 25. Rc1 Nc4 26. Qe2 Nb6 27. Qxb5 e5 28. Rc6 Qd7 29. Qb3+ Kg7 30. Rxd6 Qxd6 31. h3 exd4 32. Rxd4 Qe7 33. Rxd8 Qxd8 34. Qa3 Qc7 35. Qe3 Nc4 36. Qc3 Qf4 37.
Nd4 Qc7 38. Ne6+ 1-0

[Event "*** Titled Tuesday 3|2 Blitz"]
[Site "Chess.com"]
[Date "2016.06.07"]
[Round "1"]
[White "BahadirOzen"]
[Black "Malev212"]
[Result "0-1"]
[WhiteElo "2534"]
[BlackElo "2220"]
[TimeControl "180+2"]
[EndTime "11:06:42 PDT"]
[Termination "Malev212 won by checkmate"]

1. d4 d5 2. c4 e6 3. Nc3 c6 4. e3 Bd6 5. Nf3 f5 6. Bd2 Nd7 7. h3 Nh6 8. Rg1 O-O 9. Qc2 Nf6 10.
O-O-O Ne4 11. Be1 a5 12. Ne5 a4 13. f3 Nxc3 14. Bxc3 Nf7 15. c5 Be7 16. Nd3 a3 17. b3 b6 18. g4 fxg4 19. hxg4 Ng5 20. Ne5 Nxf3 21. Rh1 h6 22. Nxc6 Qe8 23. Nxe7+ Qxe7 24.
Bd3 Ba6 25. Bxa6 Rxa6 26. c6 b5 27. Kb1 Rxc6 28. Qd3 Rfc8 29. Rc1 Ng5 30. Bd2 Ne4 31. Rxc6 Rxc6 32. Rc1 Rxc1+ 33. Bxc1 b4 34. Bd2 Qd6 35. Be1 Qh2 36. Bxb4 Qb2# 0-1

[Event "*** Titled Tuesday 3|2 Blitz"]
[Site "Chess.com"]
[Date "2016.06.07"]
[Round "1"]
[White "Wolverine_master"]
[Black "theprosecution1"]
[Result "0-1"]
[WhiteElo "2101"]
[BlackElo "2467"]
[TimeControl "180+2"]
[EndTime "11:06:50 PDT"]
[Termination "theprosecution1 won by resignation"]

1. e4 c5 2. Nf3 d6 3. d4 cxd4 4.
Nxd4 Nf6 5. Nc3 g6 6. g3 Nc6 7. Bg2 Nxd4 8. Qxd4 Bg7 9. O-O O-O 10. h3 Be6 11. Qd3 Qc8 12. Kh2 Bc4 13. Qf3 Bxf1 14. Bxf1 Nd7 15. Nd5 Re8 16. c3 e6 17. Ne3 Ne5 18. Qe2 Qc7 19. f4 Nc6 20. Bg2 Rad8 21. Bd2 a6 22. Rf1 Nb8 23. Qg4 f5 24. Qf3 Nc6 25. exf5 gxf5 26. g4 fxg4 27. hxg4 Rf8 28. f5 Kh8 29. Qh3 d5+ 30. Kh1 d4 31. cxd4 Nxd4 32. Bc3 Ne2 33. Bxg7+ Qxg7 34. fxe6 Nf4 35. Qg3 Nxg2 36. Kxg2 Qxb2+ 37. Kg1 Rxf1+ 38. Nxf1 Qd4+ 39. Kh2 Re8 40. Ne3 Qb2+ 41. Kh3 Qf6 42. Nf5 h5 43. e7 Kh7 44. Qf4 Rxe7 45. Qd2 hxg4+ 46. Kxg4 Re4+ 47. Kg3 Qxf5 48. Qc3 Rg4+ 0-1

[Event "*** Titled Tuesday 3|2 Blitz"]
[Site "Chess.com"]
[Date "2016.06.07"]
[Round "1"]
[White "GMKrikor"]
[Black "yopino"]
[Result "1-0"]
[WhiteElo "2558"]
[BlackElo "2224"]
[TimeControl "180+2"]
[EndTime "11:06:51 PDT"]
[Termination "GMKrikor won by resignation"]

1. g3 d5 2. Bg2 c6 3. Nf3 Bf5 4. O-O Nf6 5. d3 Qd7 6. Nbd2 Bh3 7. e4 Bxg2 8. Kxg2 e6 9. Qe2 Be7 10. e5 Ng8 11. d4 Qc7 12. c3 Nd7 13. Nb3 Nh6 14.
Bxh6 gxh6 15. Qe3 h5 16. Qh6 h4 17. Nxh4 O-O-O 18. f4 Rdg8 19. f5 Bg5 20. Qh5 Bxh4 21. Qxh4 Rg7 22. fxe6 fxe6 23. Qh3 Re8 24. Qh6 Nf8 25.
Rf6 Ng6 26. Raf1 b6 27. Qh5 Qe7 28. Qe2 Kb7 29. Kh1 h5 30. Qxh5 Rh8 31. Qf3 Ka8 32.
Rf2 Qe8 33. Rf7 Qg8 34. a4 Qh7 35. a5 1-0

[Event "*** Titled Tuesday 3|2 Blitz"]
[Site "Chess.com"]
[Date "2016.06.07"]
[Round "1"]
[White "Winehouse83"]
[Black "AleksandrKholin"]
[Result "1-0"]
[WhiteElo "2467"]
[BlackElo "2121"]
[TimeControl "180+2"]
[EndTime "11:06:51 PDT"]
[Termination "Winehouse83 won by resignation"]

1. d4 Nf6 2. c4 e6 3. Nf3 Bb4+ 4. Nbd2 O-O 5. e3 d5 6. a3 Be7 7.
Be2 c5 8. dxc5 Bxc5 9. b4 Be7 10. Bb2 a5 11. Bc3 axb4 12. axb4 Rxa1 13. Qxa1 dxc4 14. Nxc4 Bd7 15. O-O Qc7 16. Be5 Qc6 17. Nd4 Qa6 18. Qb2 b5 19. Ra1 Qb7 20. Na5 Qb6 21. Rc1 Nd5 22.
Ndb3 Nxb4 23. Bxg7 Rc8 24. Bd4 Qd6 25. Bc5 Rxc5 26.
Rxc5 Nd3 27. Bxd3 Qxd3 28. Rc1 Na6 29. Qc2 Qxc2 30. Rxc2 Bb4 31. Nc6 Bd6 32. Rd2 Bxc6 33. Rxd6 Bb7 34. Rb6 Bc8 35. Rxb5 Kg7 36. f3 Bd7 37.
Rb6 Bc8 38. Kf2 1-0

[Event "*** Titled Tuesday 3|2 Blitz"]
[Site "Chess.com"]
[Date "2016.06.07"]
[Round "1"]
[White "GeorgMeier"]
[Black "Zazuliak"]
[Result "1-0"]
[WhiteElo "2717"]
[BlackElo "2363"]
[TimeControl "180+2"]
[EndTime "11:06:59 PDT"]
[Termination "GeorgMeier won by resignation"]

1. Nf3 Nf6 2. g3 g6 3. Bg2 Bg7 4. d4 O-O 5. O-O d6 6. b3 c5 7. Bb2 Qc7 8. c4 cxd4 9. Nxd4 Nc6 10. Nc3 Bd7 11. Rc1 Qa5 12. e3 Nxd4 13. exd4 Bc6 14.
d5 Bd7 15. Re1 Rfe8 16. a3 Rac8 17. h3 a6 18. b4 Qb6 19. Ne2 Bf5 20. Nd4 Bd7 21.
Qd2 a5 22. bxa5 Qa6 23. Qb4 Rc5 24. Nb3 Rc7 25. c5 Rec8 26. Rxe7 Bf8 27. Bxf6 dxc5 28. Qf4 Bxe7 29. Bxe7 c4 30. Nd2 f5 31. d6 Rc5 32.
Rxc4 Rxc4 33. Nxc4 Be6 34. Nb6 Rc5 35. Qe3 Qxa5 36.
Qxe6+ Kg7 37. Qf6+ 1-0

[Event "*** Titled Tuesday 3|2 Blitz"]
[Site "Chess.com"]
[Date "2016.06.07"]
[Round "1"]
[White "Boryboy"]
[Black "Fibrinogen"]
[Result "1-0"]
[WhiteElo "2525"]
[BlackElo "2270"]
[TimeControl "180+2"]
[EndTime "11:06:59 PDT"]
[Termination "Boryboy won by resignation"]

1. d4 Nf6 2. Nf3 e6 3. c4 b6 4. g3 Bb7 5. Bg2 Be7 6. O-O O-O 7. d5 exd5 8. Nh4 c6 9. cxd5 Nxd5 10. Nf5 Bf6 11. e4 Nc7 12. Re1 d5 13. e5 Be7 14.
Nc3 Bc8 15. Qg4 Bxf5 16. Qxf5 Ne6 17. Rd1 Nd7 18. f4 Bc5+ 19. Kh1 Nd4 20. Qd3 f6 21. b4 fxe5 22. bxc5 Nxc5 23. Qd2 Qd7 24. fxe5 Nf3 25. Qe2 d4 26. Bxf3 Qf7 27. Ne4 Qxf3+ 28. Qxf3 Rxf3 29. Nxc5 bxc5 30. Bf4 h6 31. Kg2 Ra3 32. h4 Rd8 33. Rdc1 Rd5 34. e6 g5 35. hxg5 hxg5 36. e7 Kf7 37. Re1 Ke8 38. Rab1 1-0

[Event "*** Titled Tuesday 3|2 Blitz"]
[Site "Chess.com"]
[Date "2016.06.07"]
[Round "1"]
[White "MateusViageiro"]
[Black "dretch"]
[Result "0-1"]
[WhiteElo "2299"]
[BlackElo "2591"]
[TimeControl "180+2"]
[EndTime "11:07:01 PDT"]
[Termination "dretch won by checkmate"]

1. e4 e6 2. Qe2 d5 3. exd5 Qxd5 4.
Nc3 Qd8 5. Nf3 Nf6 6. d4 Bb4 7. Bd2 O-O 8. O-O-O Nc6 9. a3 a5 10. axb4 axb4 11. Nb1 Ra1 12. Bg5 Qd5 13. Bxf6 Qa2 14. Bg5 Rxb1+ 15. Kd2 Rxb2 16. Qd3 b3 17. Rc1 Nb4 18. Qc3 Nxc2 19. Kd3 b6 20. Ne5 Ba6+ 21. Ke4 Bb7+ 22. Kf4 f6 23. Bc4 fxe5+ 24. Kxe5 Bd5 25. Bxd5 exd5 26. Qc6 Nb4 27. Qe6+ Kh8 28. Qe7 Re2+ 29. Be3 Nd3+ 30. Kxd5 b2+ 31. Rc4 Qa8+ 32. Rc6 Rd8+ 33. Kc4 Qxc6+ 34. Kxd3 Qc2# 0-1